 Dungeon Crawl Stone Soup version 0.27.0-1-g7a089689b8 (webtiles) character file.

Game seed: 12301486771753554527

30 BOMJPIETVODKU the Insei (level 3, 5/28 HPs)
             Began as a Gnoll Transmuter on Aug 3, 2021.
             Quit the game on level 2 of the Dungeon.
             The game lasted 00:03:29 (1274 turns).

BOMJPIETVODKU the Insei (Gnoll Transmuter)          Turns: 1274, Time: 00:03:29

Health: 5/28       AC:  2    Str:  9    XL:     3   Next: 18%
Magic:  8/9        EV: 13    Int: 13    God:
Gold:   45         SH:  0    Dex: 12    Spells: 11/12 levels left

rFire    + . .     SeeInvis .     - Unarmed
rCold    . . .     Faith    .   (no shield)
rNeg     . . .     Spirit   .   a - +0 robe
rPois    .         Reflect  .   (no helmet)
rElec    .         Harm     .   (no cloak)
rCorr    .         Rampage  .   (no gloves)
Will     .....                  (no boots)
Stlth    +.........             (no amulet)
HPRegen  0.09/turn              b - ring of protection from fire
MPRegen  0.11/turn              (no ring)

@: no status effects
A: fangs 1, strong nose, distributed training
a: no special abilities


You were on level 2 of the Dungeon.
You visited 1 branch of the dungeon, and saw 2 of its levels.

You collected 45 gold pieces.

Inventory:

Armour
 a - a +0 robe (worn)
 g - a +0 scale mail
Jewellery
 b - a ring of protection from fire (left hand)
Scrolls
 d - a scroll of identify {unknown}
 f - a scroll of brand weapon {unknown}
 h - 2 scrolls of teleportation {unknown}
Potions
 c - 2 potions of lignification {unknown}
 e - a potion of attraction {unknown}


   Skills:
 + Level 2.5 Fighting
 + Level 0.6 Short Blades
 + Level 0.6 Long Blades
 + Level 0.6 Axes
 + Level 0.6 Maces & Flails
 + Level 0.6 Polearms
 + Level 0.6 Staves
 + Level 0.6 Slings
 + Level 0.6 Bows
 + Level 0.6 Crossbows
 + Level 0.6 Throwing
 + Level 0.6 Armour
 + Level 4.5 Dodging
 + Level 0.6 Stealth
 + Level 0.6 Shields
 + Level 6.5 Unarmed Combat
 + Level 5.0 Spellcasting
 + Level 0.4 Conjurations
 + Level 0.4 Hexes
 + Level 0.4 Summonings
 + Level 0.4 Necromancy
 + Level 0.4 Translocations
 + Level 3.7 Transmutations
 + Level 0.4 Fire Magic
 + Level 0.4 Ice Magic
 + Level 0.4 Air Magic
 + Level 0.4 Earth Magic
 + Level 0.4 Poison Magic
 + Level 0.8 Invocations
 + Level 0.6 Evocations


You had 11 spell levels left.
You knew the following spells:

 Your Spells              Type           Power      Damage    Failure   Level
a - Beastly Appendage     Tmut           26%        N/A       4%          1

Your spell library contained the following spells:

 Spells                   Type           Power      Damage    Failure   Level
 Wereblood                Tmut           13%        N/A       6%          2
 Spider Form              Tmut/Pois      4%         N/A       24%         3
 Ignite Poison            Fire/Tmut/Pois 7%         N/A       30%         3
 Mephitic Cloud           Conj/Pois/Air  4%         N/A       43%         3
 Ice Form                 Ice/Tmut       8%         N/A       61%         4
 Bolt of Magma            Conj/Fire/Erth 2%         4d4       99%         5


Dungeon Overview and Level Annotations

Branches:
Dungeon (2/15)

Altars:


Innate Abilities, Weirdness & Mutations

You have very sharp teeth.
Your uncanny sense of smell can sniff out nearby items.
Your experience applies equally to all skills.


Message History

You are no longer poisoned.
The bat closely misses you. The adder barely misses you. The bat hits you.
* * * LOW HITPOINT WARNING * * *
You miss the adder.
The adder is almost dead.
The bat closely misses you. The adder closely misses you.
You are too injured to fight recklessly!
You barely miss the adder. You claw the adder, but do no damage.
The adder is almost dead.
The bat barely misses you. The adder barely misses you.
You closely miss the adder. Your kick misses the adder.
The adder is almost dead.
The bat hits you but does no damage. The adder bites you.
* * * LOW HITPOINT WARNING * * *
The bat barely misses you.
You are too injured to fight recklessly!
You hit the adder.
You kill the adder!
Your horns disappear.
Your talons disappear.
The bat closely misses you.
Your Spellcasting skill increases to level 5!
You have reached level 3!
Your experience leads to an increase in your attributes!
Increase (S)trength, (I)ntelligence, or (D)exterity?
You feel clever. The bat misses you.
You barely miss the bat. The bat hits you but does no damage.
The bat misses you. The bat closely misses you.
You miss the bat. The bat hits you but does no damage.
The bat closely misses you. The bat hits you but does no damage.
You miss the bat. The bat hits you but does no damage. x2
You hit the bat.
You kill the bat!
You see here a bat corpse.
Unknown command.
Are you sure you want to abandon this character and quit the game? (Confirm with "yes".)
Okay, then.
Are you sure you want to abandon this character and quit the game? (Confirm with "yes".)

# .# #######.#
#....... #.....#
####### #.....#
......########.....###
.............)†.@....#
......#######......###
......# ###.........#
......# ##...........#
......###............#
.......##...#.#####..#
...........##.# ##..
..........# #.# .#
........#.# #.#


There were no monsters in sight!

Vanquished Creatures
  An adder (D:2)
  A dart slug (D:1)
  A giant cockroach (D:1)
  3 hobgoblins
  2 jackals (D:1)
  A quokka (D:2)
  3 ball pythons
  4 bats
  A kobold (D:2)
  3 rats
20 creatures vanquished.

Vanquished Creatures (others)
  A plant (D:1)
1 creature vanquished.

Grand Total: 21 creatures vanquished

Notes
Turn   | Place    | Note
-------+----------+-------------------------------------------
     0 | D:1      | BOMJPIETVODKU the Gnoll Transmuter began the quest for the
                  | Orb.
     0 | D:1      | Reached XP level 1. HP: 17/17 MP: 6/6
   461 | D:1      | Reached XP level 2. HP: 22/23 MP: 5/7
  1264 | D:2      | Reached skill level 5 in Spellcasting
  1264 | D:2      | Reached XP level 3. HP: 4/28 MP: 7/9
  1274 | D:2      | Quit the game

Illustrated notes

Levels and vault maps discovered:
D:1:      dpeg_arrival_orchard, layout_basic, minmay_misc_feat_rows,
          minmay_misc_feat_four_crosses, minmay_misc_feat_iff, minivault_27
D:2:      layout_rooms, uniq_crazy_yiuf_cottage

Skill      XL: |  1  2 |
---------------+-------+-----
Spellcasting   | 5 |  5.0
Fighting       | |  2.5
Short Blades   | |  0.6
Long Blades    | |  0.6
Axes           | |  0.6
Maces & Flails | |  0.6
Polearms       | |  0.6
Staves         | |  0.6
Slings         | |  0.6
Bows           | |  0.6
Crossbows      | |  0.6
Throwing       | |  0.6
Armour         | |  0.6
Dodging        | |  4.5
Stealth        | |  0.6
Shields        | |  0.6
Unarmed Combat | |  6.5
Conjurations   | |  0.4
Hexes          | |  0.4
Summonings     | |  0.4
Necromancy     | |  0.4
Translocations | |  0.4
Transmutations | |  3.7
Fire Magic     | |  0.4
Ice Magic      | |  0.4
Air Magic      | |  0.4
Earth Magic    | |  0.4
Poison Magic   | |  0.4
Invocations    | |  0.8
Evocations     | |  0.6

Action                   || total
-------------------------++-------
Melee: Unarmed           ||    63
       Kick              ||    10
       Headbutt          ||     4
       Punch             ||     2
 Cast: Beastly Appendage ||    10
 Stab: Sleeping          ||     1
Armor: Robe              ||    13
Dodge: Dodged            ||    57
